 Dungeon Crawl Stone Soup version 0.31-a0-265-gcf7e37af1d (webtiles) character file.

Game seed: 6881749286700164806

94 qw the Shooter (level 4, -1/36 HPs)
             Began as a Minotaur Hexslinger on July 13, 2023.
             Slain by Sigmund
             ... wielding a +0 scythe
              (2 damage)
             ... on level 3 of the Dungeon.
             The game lasted 00:00:46 (1886 turns).

qw the Shooter (Minotaur Hexslinger)                Turns: 1886, Time: 00:00:47

Health: -1/36      AC:  3    Str: 12    XL:     4   Next: 38%
Magic:  0/4        EV: 12    Int: 10    God:
Gold:   124        SH:  0    Dex: 15    Spells: 4/5 levels left

rFire   . . .        Y - +1 sling
rCold   . . .        (no shield)
rNeg    . . .        b - +0 leather armour
rPois   .            (helmet restricted)
rElec   .            (no cloak)
rCorr   .            (no gloves)
SInv    .            (no boots)
Will    .....        h - amulet of guardian spirit
Stlth   +            (no ring)
HPRegen 0.26/turn    (no ring)
MPRegen 0.09/turn

%: guardian spirit
@: about to teleport
A: horns 2, retaliatory headbutt
a: no special abilities


You were on level 3 of the Dungeon.
You visited 1 branch of the dungeon, and saw 3 of its levels.

You collected 124 gold pieces.


Innate Abilities, Weirdness & Mutations

You have a pair of horns on your head.
You reflexively headbutt those who attack you in melee.


   Skills:
 - Level 2.0 Fighting
 + Level 4.9 Ranged Weapons
 - Level 2.1 Dodging
 - Level 1.0 Spellcasting
 - Level 2.0 Hexes


You had 4 spell levels left.
You knew the following spells:

 Your Spells              Type           Power      Damage    Failure   Level
a - Slow                  Hex            16%        N/A       19%         1

Your spell library contained the following spells:

 Spells                   Type           Power      Damage    Failure   Level
 Inner Flame              Hex/Fire       2%         N/A       65%         3
 Portal Projectile        Hex/Tloc       4%         N/A       65%         3
 Cause Fear               Hex            2%         N/A       88%         4

Inventory:

Hand Weapons
 Y - a +1 sling (weapon)
Armour
 b - a +0 leather armour (worn)
Jewellery
 h - an amulet of guardian spirit (around neck)
Scrolls
 a - 3 scrolls of fog {unknown}
 f - a scroll of identify {unknown}
 j - a scroll of teleportation
Potions
 c - 2 potions of curing {unknown}
 d - a potion of berserk rage {unknown}
 e - a potion of attraction {unknown}
 i - 4 potions of cancellation {unknown}
 l - a potion of degeneration {unknown}

Dungeon Overview and Level Annotations

Branches:
Dungeon (3/15)

Altars:
Elyvilon
Gozag

Annotations:
D:3 Sigmund


Message History

The jackal closely misses you.
You shoot a sling bullet. The sling bullet hits the jackal.
You kill the jackal!
The jackal bites you.
Sigmund hits you from afar with a +0 scythe.
The jackal bites you but does no damage.
The rat closely misses you. The jackal misses you.
The jackal bites you but does no damage.
You shoot a sling bullet.
The sling bullet closely misses the jackal.
The sling bullet hits Sigmund.
Sigmund is moderately wounded.
The jackal misses you.
The jackal bites you but does no damage.
The jackal barely misses you. The rat bites you but does no damage.
Sigmund barely misses you. The jackal bites you.
1884 ||| READING 2 scrolls of teleportation.
As you read the scroll of teleportation, it crumbles to dust.
You feel strangely unstable. The jackal barely misses you.
You furiously retaliate!
You headbutt the jackal.
The jackal bites you but does no damage. x2
The rat bites you. The jackal barely misses you. You furiously retaliate!
You headbutt the jackal!
You kill the jackal!
The jackal barely misses you.
Sigmund hits you from afar with a +0 scythe.
The jackal closely misses you.
You shoot a sling bullet.
The sling bullet barely misses the jackal.
The jackal barely misses you. The rat bites you.
The jackal completely misses you.
You shoot a sling bullet.
The sling bullet hits the jackal but does no damage.
The jackal is almost dead.
The jackal bites you but does no damage.
The jackal barely misses you. The rat barely misses you.
You furiously retaliate!
You headbutt the rat!
You kill the rat!
Sigmund hits you from afar with a +0 scythe.
You die...

####..### #..##
####....## ....
#....#### ... ..#### ###
>... .###### .. #...
......## ##.# ...# #.
#...#..#### #.. #@..# #.
#...##....## #.##....#
####.
..#...###..###..@h?..#
.....
###.#.####......h..###
..... #
#.#..###.....###.....
.....
###.##).##..............
..<..
...........########.....
..... ######.....# .....
..... # ##....# ....
..... ######.)#..####
.... .....
...##.......... .....


You could see Sigmund and 2 jackals.

Vanquished Creatures
  2 adders (D:3)
  A dart slug (D:3)
  8 endoplasms
  2 giant cockroaches
  3 goblins
  6 hobgoblins
  14 jackals
  7 kobolds
  6 quokkas
  A ball python (D:2)
  4 bats
  2 frilled lizards
  7 rats
63 creatures vanquished.

Notes
Turn   | Place    | Note
-------+----------+-------------------------------------------
     0 | D:1      | qw the Minotaur Hexslinger began the quest for the Orb.
     0 | D:1      | Reached XP level 1. HP: 16/16 MP: 1/1
     0 | D:1      | 0 ||| qw: Version: 0.3-a-52-g30416fa
     0 | D:1      | 0 ||| qw: Game counter: 7631
     0 | D:1      | 0 ||| qw: Melee chars always use a shield: true
     0 | D:1      | 0 ||| qw: God list: Okawaru
     0 | D:1      | 0 ||| qw: Allow faded altars: false
     0 | D:1      | 0 ||| qw: Do Orc after clearing Dungeon:15 true
     0 | D:1      | 0 ||| qw: Do second Lair branch before Depths: true
     0 | D:1      | 0 ||| qw: Lair rune preference: random
     0 | D:1      | 0 ||| qw: Goals: Normal
     0 | D:1      | 0 ||| PLANNING D:1-11
   112 | D:1      | Reached skill level 3 in Ranged Weapons
   153 | D:1      | Reached XP level 2. HP: 23/23 MP: 2/2
   297 | D:1      | Reached XP level 3. HP: 29/29 MP: 3/3
   557 | D:1      | 557 ||| UPGRADING to amulet of guardian spirit.
   562 | D:1      | 562 ||| DROPPING +6 ring of intelligence.
   563 | D:1      | 563 ||| READING scroll labelled LIDGHO NATWUE.
   664 | D:1      | 664 ||| READING 3 scrolls labelled REMIGERUES.
   669 | D:1      | 669 ||| READING scroll labelled HAOPSISCH CAODO.
   670 | D:1      | 670 ||| DROPPING scroll of poison.
   707 | D:2      | Found a faded altar of an unknown god.
   859 | D:2      | Found a white marble altar of Elyvilon.
  1184 | D:2      | Reached skill level 4 in Ranged Weapons
  1415 | D:2      | 1415 ||| UPGRADING to +0 leather armour.
  1425 | D:2      | 1425 ||| DROPPING +0 robe.
  1426 | D:2      | 1426 ||| READING scroll labelled XADAWU YZIT.
  1469 | D:3      | 1469 ||| STAIRDANCE
  1628 | D:3      | Reached XP level 4. HP: 36/36 MP: 4/4
  1847 | D:3      | Found an opulent altar of Gozag.
  1873 | D:3      | Noticed Sigmund
  1883 | D:3      | HP: 9/36 [jackal (2)]
  1884 | D:3      | 1884 ||| READING 2 scrolls of teleportation.
  1884 | D:3      | HP: 3/36 [Sigmund/+0 scythe (6)]
  1885 | D:3      | HP: 1/36 [rat (2)]
  1886 | D:3      | Slain by Sigmund

Levels and vault maps discovered:
D:1:      zaba_arrival_water, layout_rooms
D:2:      layout_loops_corners, dreamdust_ecumenical_altar_statues, basic_altar
D:3:      layout_rooms, mainiacjoe_overflow_chevrons,
          nicolae_overflow_two_pavilions, minivault_26, grunt_ministairs_13,
          uniq_sigmund

Skill      XL: |  1  2  3 |
---------------+----------+-----
Ranged Weapons | 3 4 |  4.9
Fighting       | 2 |  2.0
Dodging        | |  2.1
Spellcasting   | |  1.0
Hexes          | |  2.0

Action                     |  1- 3 |  4- 6 || total
---------------------------+-------+-------++-------
   Fire: Sling             |   140 |    45 ||   185
    Use: Scroll            |     4 |     1 ||     5
 Armour: Robe              |    13 |       ||    13
         Leather armour    |     4 |    12 ||    16
  Dodge: Dodged            |    40 |    32 ||    72

Table legend:
 A = Non-vault XP
 B = Vault XP
 C = Vault XP percentage of total XP
 D = Non-vault monster count
 E = Vault monster count
 F = Vault count percentage of total count
                 A         B        C        D         E       F
            +---------+---------+-------+---------+---------+-------
      Total |     132 |       4 |   2.9 |      61 |       2 |   3.2
            +---------+---------+-------+---------+---------+-------
        D:1 |      53 |       0 |   0.0 |      30 |       0 |   0.0
        D:2 |      16 |       0 |   0.0 |      10 |       0 |   0.0
        D:3 |      63 |       4 |   6.0 |      21 |       2 |   8.7
            +---------+---------+-------+---------+---------+-------
